 Dungeon Crawl Stone Soup version 0.26-a0-257-g47e9e61525 (webtiles) character file.

Game seed: 530546460689959414

59 BritishOli the Skirmisher (level 3, 0/29 HPs)
             Began as a Demonspawn Fighter on July 10, 2020.
             Slain by a quokka (1 damage)
             ... on level 2 of the Dungeon.
             The game lasted 00:01:10 (1027 turns).

BritishOli the Skirmisher (Demonspawn Fighter)      Turns: 1027, Time: 00:01:10

Health: 0/29       AC:  6    Str: 17    XL:     3   Next: 78%
Magic:  0/3        EV:  7    Int:  9    God:
Gold:   22         SH:  9    Dex: 12    Spells: 2/2 levels left

rFire    . . .     SeeInvis .   a - +0 long sword
rCold    . . .     Faith    .   c - +0 kite shield
rNeg     . . .     Spirit   +   b - +0 scale mail
rPois    .         Reflect  .   (no helmet)
rElec    .         Harm     .   (no cloak)
rCorr    .         Rnd*Tele +   (no gloves)
MR       .....                  (no boots)
Stlth    ..........             (no amulet)
HPRegen  0.09/turn              i - ring of teleportation (curse)
MPRegen  0.08/turn              (no ring)

@: no status effects
A: claws 1, magic shield
a: no special abilities


You were on level 2 of the Dungeon.
You were not hungry.

You visited 1 branch of the dungeon, and saw 3 of its levels.

You collected 22 gold pieces.

Inventory:

Hand Weapons
 a - a +0 long sword (weapon)
Armour
 b - a +0 scale mail (worn)
 c - a +0 kite shield (worn)
Jewellery
 i - a cursed ring of teleportation (left claw)
Scrolls
 g - 2 scrolls of magic mapping
 h - a scroll of identify
 j - a scroll of remove curse {unknown}
Potions
 d - 2 potions of might
 e - 3 potions of stabbing {unknown}
 k - 3 potions of flight
Comestibles
 f - 2 rations


   Skills:
 + Level 3.5 Fighting
 + Level 2.4 Long Blades
 + Level 3.1 Armour
 + Level 3.1 Shields


You had 2 spell levels left.
You didn't know any spells.
Your spell library was empty.

Dungeon Overview and Level Annotations

Branches:
Dungeon (3/15)

Altars:


Innate Abilities, Weirdness & Mutations

You have sharp fingernails.
When hurt, damage is shared between your health and your magic reserves.


Message History

The quokka bites you.
* * * LOW HITPOINT WARNING * * *
The bat hits you but does no damage. The quokka bites you.
You hit the bat.
The bat is heavily wounded.
The bat hits you but does no damage. The quokka closely misses you.
The bat hits you but does no damage. You block the bat's attack.
You closely miss the bat.
The bat is heavily wounded.
The bat barely misses you. The quokka bites you.
* * * LOW HITPOINT WARNING * * *
The quokka bites you. The bat barely misses you.
You riposte.
Your shield prevents you from hitting the bat.
The bat is moderately wounded.
You closely miss the bat.
The bat is moderately wounded.
The bat hits you but does no damage. You block the bat's attack.
You block the quokka's attack. The quokka bites you.
You die...

#.))# #.# .# ......#
#.##.## ###<...#
##.$...##
#)...###.......##
.....##.........#
###...##.........# .
#...##.........#
....#########.........#
#..b.@rg............#
...##########.........#
#.........# #..r......#
#...).....#
#...........
.........### ##......##


You could see a quokka, a hobgoblin and a bat.

Vanquished Creatures
  2 adders (D:2)
  A gnoll (D:1)
  3 giant cockroaches (D:1)
  4 goblins (D:1)
  5 hobgoblins
  4 bats (D:1)
  A frilled lizard (D:1)
  5 kobolds
  4 rats (D:1)
29 creatures vanquished.

Notes
Turn   | Place    | Note
-------+----------+-------------------------------------------
     0 | D:1      | BritishOli the Demonspawn Fighter began the quest for the
                  | Orb.
     0 | D:1      | Reached XP level 1. HP: 18/18 MP: 1/1
   139 | D:1      | Gained mutation: When hurt, damage is shared between your
                  | health and your magic reserves. [demonic ancestry]
   139 | D:1      | Reached XP level 2. HP: 21/24 MP: 2/2
   354 | D:1      | Gained mutation: You have sharp fingernails. [demonic
                  | ancestry]
   354 | D:1      | Reached XP level 3. HP: 16/29 MP: 3/3
  1025 | D:2      | HP: 1/29 [quokka (2)]
  1027 | D:2      | Slain by a quokka

Illustrated notes

Levels and vault maps discovered:
D:1:      lightli_arrival_maybe_door_vault, layout_loops_ring,
          minmay_small_reverse_x
D:2:      layout_rooms, chequers_temple_overflow_minitemple, lemuel_round_altar,
          minivault_23
D:3:      layout_loops_ring, uniq_crazy_yiuf_cottage, uniq_jessica

Skill      XL: |  1  2 |
---------------+-------+-----
Long Blades    | 2 |  2.4
Armour         | 3 |  3.1
Shields        | 3 |  3.1
Fighting       | |  3.5

Action                   || total
-------------------------++-------
Melee: Long sword        ||   103
  Use: Scroll            ||     3
Armor: Scale mail        ||    58
Dodge: Dodged            ||    40
Block: Kite shield       ||    65
       Rpst.: Long sword ||    13

Table legend:
 A = Non-vault XP
 B = Vault XP
 C = Vault XP percentage of total XP
 D = Non-vault monster count
 E = Vault monster count
 F = Vault count percentage of total count
                 A         B        C        D         E       F
            +---------+---------+-------+---------+---------+-------
      Total |      79 |       6 |   7.1 |      25 |       4 |  13.8
            +---------+---------+-------+---------+---------+-------
        D:1 |      45 |       6 |  11.8 |      20 |       4 |  16.7
        D:2 |      34 |       0 |   0.0 |       5 |       0 |   0.0
            +---------+---------+-------+---------+---------+-------
